 Dungeon Crawl Stone Soup version 0.26-a0-661-g406de6ba63 (webtiles) character file.

Game seed: 13709163184779808487

39 tom967 the Chopper (level 3, -5/29 HPs)
             Began as a Human Berserker on Oct 8, 2020.
             Was a Follower of Trog.
             Killed from afar by a white imp (15 damage)
             ... with a puff of frost
             ... summoned by Natasha
             ... on level 2 of the Dungeon.
             The game lasted 00:09:21 (1737 turns).

tom967 the Chopper (Human Berserker)                Turns: 1737, Time: 00:09:22

Health: -5/29      AC:  3    Str: 18    XL:     3   Next: 67%
Magic:  3/3        EV: 12    Int:  7    God:    Trog [*.....]
Gold:   12         SH:  0    Dex: 12    Spells: 2/2 levels left

rFire    + . .     SeeInvis .   a - +0 hand axe
rCold    x . .     Faith    .   (no shield)
rNeg     . . .     Spirit   .   i - +0 leather armour
rPois    .         Reflect  .   (no helmet)
rElec    .         Harm     .   (no cloak)
rCorr    .         Rampage  .   (no gloves)
MR       .....                  (no boots)
Stlth    +.........             (no amulet)
HPRegen  0.09/turn              f - ring of fire
MPRegen  0.08/turn              (no ring)

@: no status effects
A: no striking features
a: Berserk, Renounce Religion


You were on level 2 of the Dungeon.
You worshipped Trog.
Trog was aware of your devotion.
You visited 1 branch of the dungeon, and saw 2 of its levels.

You collected 12 gold pieces.

Inventory:

Hand Weapons
 a - a +0 hand axe (weapon)
Missiles
 c - 51 stones (quivered)
 h - 11 poisoned darts
 j - 16 arrows
 k - 22 sling bullets
Armour
 b - a +0 animal skin
 i - a +0 leather armour (worn)
Jewellery
 f - a ring of fire (left hand)
Scrolls
 g - a scroll of identify
Potions
 d - a potion of haste
 e - a potion of might


   Skills:
 * Level 3.2 Fighting
 * Level 3.7 Axes
 + Level 0.3 Throwing
 + Level 2.0 Armour
 + Level 2.2 Dodging
 * Level 1.0 Stealth


You had 2 spell levels left.
You didn't know any spells.
Your spell library was empty.

Dungeon Overview and Level Annotations

Branches:
Dungeon (2/15)

Altars:

Annotations:
D:2 Natasha


Message History

You hit Natasha.
Natasha is moderately wounded.
Natasha barely misses you.
You closely miss Natasha.
Natasha is moderately wounded.
Natasha closely misses you.
You closely miss Natasha.
Natasha is moderately wounded.
Natasha casts a spell.
You hit Natasha.
Natasha is severely wounded.
Natasha barely misses you. The white imp gestures at you.
The puff of frost hits you!!
You feel a terrible chill!
Ouch! That really hurt!
Natasha claws you. The white imp gestures at you. The puff of frost hits you!
You feel a terrible chill!
Ouch! That really hurt!
You die...

#.# #.# #.#
#.# #.# #.#
##### #.#
.....#####.#
#...@...##.
#5............
#.h#....##.###
.....#.##.# #
##.##.#.##.#
.. #.#.##.# ##
#.#.##.# #.#.#
.# #. .#


You could see Natasha and a white imp (summoned).

Vanquished Creatures
  A gnoll (D:1)
  2 dart slugs
  A ball python (D:1)
  3 hobgoblins (D:1)
  3 bats (D:1)
  2 frilled lizards (D:1)
  7 goblins (D:1)
  2 kobolds (D:1)
  4 rats (D:1)
25 creatures vanquished.

Notes
Turn   | Place    | Note
-------+----------+-------------------------------------------
     0 | D:1      | tom967 the Human Berserker began the quest for the Orb.
     0 | D:1      | Reached XP level 1. HP: 18/18 MP: 1/1
    32 | D:1      | Reached XP level 2. HP: 22/24 MP: 2/2
  1121 | D:1      | Reached XP level 3. HP: 22/29 MP: 3/3
  1710 | D:2      | Reached skill level 1 in Stealth
  1728 | D:2      | Noticed Natasha
  1737 | D:2      | Killed from afar by a white imp

Illustrated notes

Levels and vault maps discovered:
D:1:      dpeg_arrival_orchard, layout_basic, serial_park_tiny_2
D:2:      layout_loops_ring, uniq_natasha

Skill      XL: |  1  2  3 |
---------------+----------+-----
Stealth        | 1 |  1.0
Fighting       | |  3.2
Axes           | |  3.7
Throwing       | |  0.3
Armour         | |  2.0
Dodging        | |  2.2

Action                   || total
-------------------------++-------
Melee: Hand axe          ||    66
Throw: Stone             ||    26
  Use: Scroll            ||     1
       Potion            ||     1
 Stab: Sleeping          ||     2
Armor: Animal skin       ||     6
       Leather armour    ||    10
Dodge: Dodged            ||    44

Table legend: (Time is in decaauts)
 A = Elapsed time spent in this place.
 B = Non-inter-level travel time spent in this place.
 C = Inter-level travel time spent in this place.
 D = Time resting spent in this place.
 E = Time spent auto-exploring this place.
 F = Levels seen in this place.
 G = Mean time per level.
                   A        B        C        D        E       F      G
               +--------+--------+--------+--------+--------+-----+--------+
         Total |   1727 |   1240 |    487 |    715 |    308 |   2 |  863.5 |
       Dungeon |   1727 |   1240 |    487 |    715 |    308 |   2 |  863.5 |
               +--------+--------+--------+--------+--------+-----+--------+

Top non-repeatable levels by time:
     D:1: 1677 daAuts
     D:2: 49 daAuts
